 Dungeon Crawl Stone Soup version 0.31.0-12-g77e489cdc1 (webtiles) character file.

Game seed: 12021428353502586713

175 hawla the Shield-Bearer (level 5, -2/45 HPs)
             Began as a Minotaur Fighter on Feb 17, 2024.
             Slain by Grinder (4 damage)
             ... on level 3 of the Dungeon.
             The game lasted 00:03:24 (1679 turns).

hawla the Shield-Bearer (Minotaur Fighter)          Turns: 1679, Time: 00:03:25

Health: -2/45      AC:  6    Str: 23    XL:     5   Next: 29%
Magic:  4/4        EV: 11    Int:  5    God:
Gold:   270        SH:  4    Dex:  9    Spells: 4/4 levels left

rFire   . . .        a - +0 war axe (venom)
rCold   . . .        c - +0 buckler
rNeg    . . .        b - +0 scale mail
rPois   .            (helmet restricted)
rElec   .            (no cloak)
rCorr   .            (no gloves)
SInv    .            (no boots)
Will    .....        (no amulet) Stlth
                     (no ring)
HPRegen 0.27/turn    (no ring)
MPRegen 0.09/turn

%: no passive effects
@: no status effects
A: horns 2, retaliatory headbutt
a: no special abilities


You were on level 3 of the Dungeon.
You visited 1 branch of the dungeon, and saw 3 of its levels.

You collected 270 gold pieces.

Inventory:

Hand Weapons
 a - a +0 war axe of venom (weapon)
Armour
 b - a +0 scale mail (worn)
 c - a +0 buckler (worn)
Wands
 d - a wand of paralysis (12)
 r - a wand of flame (15)
Scrolls
 e - a scroll of fear
 f - a scroll of identify
 h - a scroll of fog
 i - a scroll of noise {unknown}
 m - a scroll of revelation {unknown}
 p - a scroll of immolation {unknown}
Potions
 j - a potion of mutation {unknown}
 k - a potion of enlightenment {unknown}
 l - a potion of curing
 n - a potion of heal wounds {unknown}
 o - 2 potions of ambrosia {unknown}
 q - a potion of berserk rage {unknown}


   Skills:
 - Level 3.6 Fighting
 - Level 2.4 Axes
 - Level 3.6 Armour
 + Level 4.6 Dodging
 - Level 5.0 Shields


You had 4 spell levels left.
You didn't know any spells.
Your spell library was empty.

Dungeon Overview and Level Annotations

Branches:
Dungeon (3/15)

Altars:

Annotations:
D:3 Grinder


Innate Abilities, Weirdness & Mutations

You have a pair of horns on your head.
You reflexively headbutt those who attack you in melee.


Message History

Grinder is nearby!
Grinder is nearby!
Grinder is nearby!
Grinder gestures at you. Pain shoots through your body!
A kobold comes into view.
It is wielding a +0 whip and quivering poisoned darts.
The kobold shouts!
You hear a shout!
Grinder blinks!
Grinder closely misses you.
The kobold throws a poisoned dart.
The poisoned dart hits you!
You are poisoned.
You slash Grinder!
Grinder is moderately wounded.
You feel very sick. Grinder closely misses you.
You hit Grinder but do no damage.
Grinder is poisoned.
Grinder is moderately wounded.
You feel sick. Grinder barely misses you. Grinder hits you.
You writhe in agony.
You are too injured to fight recklessly!
You are too injured to fight recklessly!
You feel sick.
You feel sick. The kobold hits you but does no damage.
You closely miss the kobold. You barely miss Grinder.
You feel sick. Grinder hits you.
You writhe in agony.
* * * LOW HITPOINT WARNING * * *
A gnoll comes into view. It is wielding a +0 club.
The kobold completely misses you. You furiously retaliate!
You headbutt the kobold. You slash Grinder!
Grinder looks as sick as possible!
Grinder is severely wounded.
You barely miss the kobold.
You feel sick.
You are no longer poisoned.
Grinder hits you.
* * * LOW HITPOINT WARNING * * *
You writhe in agony.
* * * LOW HITPOINT WARNING * * *
You block the kobold's attack. Grinder hits you.
You die...
Grinder sighs, "Dead already?
I want a refund."

##### #.# ....#
#.# ###.# #.######
###.####......##
).......†......###
###..............#
###########..#.# .
#..#5# .# #..#@#
.# #..#K# .#
#..#.# # #..#.#
.....# .....# .g.
...#


You could see Grinder (extremely poisoned), a gnoll and a kobold.

Vanquished Creatures
  An orc priest (D:3)
  Ijyb (D:3)
  3 gnolls (D:3)
  3 adders (D:2)
  2 dart slugs (D:1)
  4 orcs (D:3)
  5 bats
  3 endoplasms
  A giant cockroach (D:1)
  5 goblins
  6 hobgoblins
  5 kobolds (D:1)
  3 quokkas
  9 ball pythons
  2 frilled lizards
  8 rats
61 creatures vanquished.

Notes
Turn   | Place    | Note
-------+----------+-------------------------------------------
     0 | D:1      | hawla the Minotaur Fighter began the quest for the Orb.
     0 | D:1      | Reached XP level 1. HP: 19/19 MP: 0/0
   102 | D:1      | Reached skill level 4 in Shields
   145 | D:1      | Reached XP level 2. HP: 26/26 MP: 1/1
   402 | D:1      | Reached skill level 5 in Shields
   607 | D:1      | Reached XP level 3. HP: 28/31 MP: 2/2
   611 | D:1      | Reached skill level 1 in Dodging
  1130 | D:2      | Reached XP level 4. HP: 35/39 MP: 3/3
  1489 | D:3      | Noticed Ijyb
  1503 | D:3      | Reached XP level 5. HP: 12/45 MP: 4/4
  1508 | D:3      | Killed Ijyb
  1670 | D:3      | Noticed Grinder
  1679 | D:3      | HP: 2/45 [Grinder (4)]
  1679 | D:3      | Slain by Grinder

Illustrated notes

Levels and vault maps discovered:
D:1:      heliophobic_arrival_ceremonial_halls, layout_basic,
          minmay_misc_feat_plants, hex_tiny, minmay_gold_behind_fungi
D:2:      layout_basic
D:3:      layout_loops_ring, uniq_ijyb, uniq_grinder, uniq_jessica

Skill      XL: |  1  2  3  4 |
---------------+-------------+-----
Shields        | 4 5 |  5.0
Dodging        | 2 4 |  4.6
Fighting       | |  3.6
Axes           | |  2.4
Armour         | |  3.6

Action                     |  1- 3 |  4- 6 || total
---------------------------+-------+-------++-------
  Melee: War axe           |    65 |    39 ||   104
         Headbutt          |     5 |     5 ||    10
  Evoke: Wand              |       |     1 ||     1
    Use: Scroll            |       |     4 ||     4
         Potion            |       |     2 ||     2
 Armour: Scale mail        |    41 |    32 ||    73
  Dodge: Dodged            |    34 |    24 ||    58
  Block: Buckler           |    19 |    10 ||    29
